 Dungeon Crawl Stone Soup version 0.31-a0-360-gb3e1d13bf4 (webtiles) character file.

Game seed: 2550706712996520711

518 Gelion the Changeling (level 7, -1/46 HPs)
             Began as an Octopode Shapeshifter on July 27, 2023.
             Slain by an Executioner (3 damage)
             ... on level 1 of the Abyss.
             The game lasted 00:09:16 (3878 turns).

Gelion the Changeling (Octopode Shapeshifter)       Turns: 3878, Time: 00:09:18

Health: -1/46      AC:  1    Str: 20    XL:     7   Next: 21%
Magic:  7/7        EV: 14    Int: 11    God:
Gold:   215        SH:  0    Dex: 14    Spells: 6/6 levels left

rFire   . . .        r - +2 long sword
rCold   . . .        (no shield)
rNeg    . . .        (helmet currently unavailable)
rPois   .            p - amulet of the acrobat
rElec   .            n - +6 ring of strength
rCorr   .            q - ring of flight
SInv    .            (no ring)
Will    .....        (no ring)
Stlth   ++           (no ring)
HPRegen 0.27/turn    (no ring)
MPRegen 0.10/turn    (no ring)
                     (no ring)

%: acrobat
@: about to teleport, beast-form, flying
A: beast (slay +3), almost no armour, amphibious, 8 rings, camouflage 1,
gelatinous body 1, (nimble swimmer 1), tentacles
a: Begin Untransformation


You were on level 1 of the Abyss.
You were a hulking beast.
You visited 1 branch of the dungeon, and saw 7 of its levels.
You visited the Abyss 1 time.

You collected 215 gold pieces.

Inventory:

Hand Weapons
 l - a +2 dagger of protection
 r - a +2 long sword (weapon)
Jewellery
 i - an amulet of guardian spirit
 n - a +6 ring of strength (left tentacle)
 p - an amulet of the acrobat (around mantle)
 q - a ring of flight (right tentacle)
Talismans
 b - a beast talisman
Scrolls
 e - 2 scrolls of teleportation
 k - a scroll of immolation
Potions
 a - a potion of lignification
 d - a potion of cancellation {unknown}
 f - a potion of brilliance {unknown}
 g - a potion of invisibility {unknown}
 j - 2 potions of ambrosia {unknown}
 o - a potion of haste {unknown}
 t - 2 potions of curing {unknown}


   Skills:
 + Level 3.3 Fighting
 + Level 3.0 Long Blades
 + Level 3.5 Dodging
 - Level 3.0 Unarmed Combat
 * Level 5.0 Shapeshifting


You had 6 spell levels left.
You didn't know any spells.
Your spell library contained the following spells:

 Spells                   Type           Power      Damage    Failure   Level
 Summon Small Mammal      Summ           0%         N/A       34%         1
 Ensorcelled Hibernation  Hex/Ice        0%         N/A       47%         2
 Call Canine Familiar     Summ           0%         N/A       71%         3
 Summon Guardian Golem    Hex/Summ       0%         N/A       71%         3
 Volatile Blastmotes      Fire/Tloc      0%         2d10      71%         3
 Anguish                  Hex/Necr       0%         N/A       98%         4
 Fulminant Prism          Conj/Hex       0%         3d5       98%         4
 Iskenderun's Mystic Bla  Conj/Tloc      0%         2d3       98%         4


Dungeon Overview and Level Annotations

Branches:
Dungeon (7/15)
 Temple: D:4-7

Altars:
Elyvilon
Makhleb
Okawaru

Shops:
D:2 *   D:3 [


Innate Abilities, Weirdness & Mutations

You are a hulking beast.
Your limbs bulge with bestial killing power. (Slay +3)
You cannot wear most types of armour.
You are amphibious.
You can wear up to eight rings at the same time.
Your skin changes colour to match your surroundings (Stealth+).
Your rubbery body absorbs attacks. (AC +1, EV +1)
((You are camouflaged when in or above water. (Stealth+)))
You have tentacles for arms and can constrict up to eight enemies at once.


Message History

You barely miss the ogre. Your squeeze misses the ogre.
The ogre is moderately wounded.
The ogre hits you with a +0 giant club!!
Ouch! That really hurt!
You slash the ogre!
The ogre is heavily wounded.
You slash the ogre! You squeeze the ogre.
The ogre is almost dead.
The ogre misses you.
You slash the ogre!
You kill the ogre!
Something hits you.
You are cast into the Abyss!
This branch contains the abyssal rune of Zot.
Reactivating autopickup.
Your Long Blades skill increases to level 3!
Your Shapeshifting skill increases to level 5!
You have reached level 7!
A sixfirhy comes into view.
The sixfirhy moves out of view.
A small abomination comes into view.
A sun demon comes into view.
The sun demon barely misses you. The sun demon attacks as you move away!
The sun demon misses you.
A ynoxinul comes into view.
The ynoxinul bellows!
An Executioner comes into view.
The sun demon attacks as you move away! The sun demon completely misses you.
The ynoxinul gestures.
The sun demon attacks as you move away! The sun demon closely misses you.
The Executioner gestures.
The Executioner seems to speed up.
As you read the scroll of teleportation, it crumbles to dust.
You feel strangely unstable.
You feel the power of the Abyss delaying your translocation!
The Executioner hits you!! The Executioner hits you!
The Executioner closely misses you. The Executioner hits you!
* * * LOW HITPOINT WARNING * * *
The Executioner barely misses you. The Executioner hits you.
You die...

# ##.
...#.. #.##
.#... #..
5... ... .
. #.#
..##.#
..#h#
#######1#1#
........#.#
####.3.#
#..### ..#
##.# #..#
#..#####.##


You could see an Executioner (fast) and a sun demon.

Vanquished Creatures
  An ogre (D:5)
  A black bear (D:4)
  A jelly (D:4)
  Crazy Yiuf (D:4)
  A sleepcap (D:4)
  Natasha (thrice) (D:2)
  An iguana (D:4)
  Robin (D:2)
  5 adders
  A shadow imp (D:6)
  2 dart slugs
  3 orcs (D:5)
  9 ball pythons
  9 bats
  3 endoplasms
  5 giant cockroaches
  17 goblins
  7 hobgoblins
  6 quokkas
  3 frilled lizards
  2 kobolds
  10 rats
92 creatures vanquished.

Notes
Turn   | Place    | Note
-------+----------+-------------------------------------------
     0 | D:1      | Gelion the Octopode Shapeshifter began the quest for the
                  | Orb.
     0 | D:1      | Reached XP level 1. HP: 13/13 MP: 1/1
   173 | D:1      | Reached XP level 2. HP: 15/18 MP: 2/2
   907 | D:2      | Found Lilud's Assorted Antiques.
   947 | D:2      | Reached skill level 1 in Long Blades
   970 | D:2      | Reached XP level 3. HP: 21/23 MP: 3/3
  1071 | D:2      | Noticed Robin
  1088 | D:2      | Killed Robin
  1202 | D:2      | Noticed Natasha
  1212 | D:2      | Killed Natasha
  1213 | D:2      | Reached XP level 4. HP: 29/29 MP: 4/4
  1401 | D:2      | Noticed Natasha
  1406 | D:2      | Killed Natasha
  1407 | D:2      | Reached XP level 5. HP: 34/34 MP: 5/5
  1435 | D:2      | Reached skill level 4 in Shapeshifting
  1822 | D:2      | Noticed Natasha
  1827 | D:2      | Killed Natasha
  2218 | D:3      | Found a burning altar of Makhleb.
  2218 | D:3      | Noticed a cacodemon
  2227 | D:3      | Found Ocsyav Nyofa's Armour Boutique.
  2665 | D:4      | Noticed a black bear
  2756 | D:3      | Noticed a ynoxinul
  2756 | D:3      | Noticed a smoke demon
  2824 | D:4      | Found a white marble altar of Elyvilon.
  3053 | D:4      | Reached XP level 6. HP: 41/41 MP: 6/6
  3074 | D:4      | Found a runed translucent door.
  3075 | D:4      | Noticed Crazy Yiuf
  3081 | D:4      | Killed Crazy Yiuf
  3248 | D:4      | Found an iron altar of Okawaru.
  3278 | D:4      | Killed a black bear
  3717 | D:5      | Entered Level 5 of the Dungeon
  3717 | D:5      | You are sucked into a shaft and drop 2 floors!
  3779 | Abyss:1  | Cast into level 1 of the Abyss (orc wizard)
  3780 | Abyss:1  | Reached skill level 5 in Shapeshifting
  3780 | Abyss:1  | Reached XP level 7. HP: 18/46 MP: 7/7
  3788 | Abyss:1  | Noticed a sixfirhy
  3834 | Abyss:1  | Noticed a small abomination
  3867 | Abyss:1  | Noticed a sun demon
  3873 | Abyss:1  | Noticed a ynoxinul
  3873 | Abyss:1  | Noticed an Executioner
  3878 | Abyss:1  | HP: 2/46 [Executioner (13)]
  3878 | Abyss:1  | Slain by an Executioner

Illustrated notes

Levels and vault maps discovered:
D:1:      saegor_arrival_simple_a, layout_basic
D:2:      layout_loops_ring, serial_shops, nicolae_shop_advertising_works
          [nicolae_subvault_shop_adworks], uniq_robin, uniq_natasha
D:3:      layout_loops_ring, makhleb_altar_promises_db, serial_shops, shop,
          minmay_close_crescents
D:4:      layout_basic, mainiacjoe_overflow_concentric_impassable,
          mainiacjoe_overflow_small_starburst, uniq_crazy_yiuf_cottage
D:5:      layout_loops_cross
D:6:      layout_basic, minmay_temple_entry_water_ring, serial_shops, shop,
          uniq_blork_the_orc
D:7:      layout_basic, kennysheep_big_empty_room
Abyss:1:  base:
D:2

Skill      XL: |  1  2  3  4  5  6 |
---------------+-------------------+-----
Long Blades    | 1 2 3 |  3.0
Fighting       | 2 3 |  3.3
Shapeshifting  | 4 5 |  5.0
Dodging        | 3 |  3.5
Unarmed Combat | |  3.0

Action                     |  1- 3 |  4- 6 |  7- 9 || total
---------------------------+-------+-------+-------++-------
  Melee: Dagger            |    62 |    42 |       ||   104
         Constrict         |    20 |    29 |       ||    49
         Unarmed           |     2 |       |       ||     2
         Tentacles         |    10 |    17 |       ||    27
         Punch             |     2 |     5 |       ||     7
         Short sword       |     1 |       |       ||     1
         Long sword        |       |    46 |       ||    46
    Use: Scroll            |       |    11 |     1 ||    12
         Potion            |       |     1 |       ||     1
   Stab: Sleeping          |     7 |     4 |       ||    11
         Distracted        |       |     1 |       ||     1
 Armour: Skin              |     7 |    10 |       ||    17
  Dodge: Dodged            |    26 |    58 |     6 ||    90

Table legend: (Time is in decaauts)
 A = Elapsed time spent in this place.
 B = Non-inter-level travel time spent in this place.
 C = Inter-level travel time spent in this place.
 D = Time resting spent in this place.
 E = Time spent auto-exploring this place.
 F = Levels seen in this place.
 G = Mean time per level.
                   A        B        C        D        E       F      G
               +--------+--------+--------+--------+--------+-----+--------+
         Total |   3898 |   3553 |    345 |     85 |   2746 |   8 |  487.2 |
       Dungeon |   3799 |   3454 |    345 |     85 |   2693 |   7 |  542.7 |
         Abyss |     98 |     98 |      0 |      0 |     53 |   1 |   98.0 |
               +--------+--------+--------+--------+--------+-----+--------+

Top non-repeatable levels by time:
     D:4: 1080 daAuts
     D:2: 948 daAuts
     D:1: 903 daAuts
     D:3: 803 daAuts
 Abyss:1: 98 daAuts
     D:5: 40 daAuts
     D:6: 12 daAuts
     D:7: 10 daAuts
